 Dungeon Crawl Stone Soup version 0.23.2-1-ga50397a (webtiles) character file.

Game seed: 11347566606859929279

69 teukkam the Covered (level 4, -2/40 HPs)
             Began as a Minotaur Fighter on June 2, 2019.
             Slain by Sigmund
             ... wielding a +2 scythe
              (3 damage)
             ... on level 3 of the Dungeon.
             The game lasted 00:03:48 (719 turns).

teukkam the Covered (Minotaur Fighter)               Turns: 719, Time: 00:03:49

Health: -2/40      AC:  7    Str: 26    XL:     4   Next: 2%
Magic:  3/3        EV:  7    Int:  5    God:
Gold:   63         SH: 10    Dex: 10    Spells: 3/3 levels left

rFire    . . .     SeeInvis .   a - +0 war axe
rCold    . . .     Gourm    .   c - +0 shield
rNeg     . . .     Faith    .   b - +0 scale mail
rPois    .         Spirit   .   (helmet restricted)
rElec    .         Reflect  .   (no cloak)
rCorr    .         Harm     .   (no gloves)
MR       .....                  (no boots)
Stlth    +.........             (no amulet)
HPRegen  0.13/turn              j - ring of stealth
MPRegen  0.08/turn              (no ring)

@: mighty
A: retaliatory headbutt, horns 2
a: no special abilities


You were on level 3 of the Dungeon.
You were not hungry.

You visited 1 branch of the dungeon, and saw 3 of its levels.

You collected 63 gold pieces.

Inventory:

Hand Weapons
 a - a +0 war axe (weapon)
Armour
 b - a +0 scale mail (worn)
 c - a +0 shield (worn)
Magical Staves
 i - an uncursed staff of fire
Jewellery
 j - a ring of stealth (left hand)
Scrolls
 e - a scroll of fog {unknown}
 h - a scroll of immolation {unknown}
Comestibles
 f - 2 rations
 g - 3 chunks of flesh


   Skills:
 + Level 4.3 Fighting
 + Level 3.4 Axes
 + Level 4.3 Armour
 + Level 4.3 Shields


You had 3 spell levels left.
You didn't know any spells.
Your spell library was empty.

Dungeon Overview and Level Annotations

Branches:
Dungeon (3/15)

Altars:

Annotations:
D:3 Sigmund


Innate Abilities, Weirdness & Mutations

You reflexively headbutt those who attack you in melee.
You have a pair of horns on your head.


Message History

Sigmund flickers and vanishes!
Deactivating autopickup; reactivate with Ctrl-A.
Something hits you but does no damage.
Found a ration.
You miss something.
You hear some strange, mumbled words.
Something tries to affect you, but you resist.
Something hits you!
You miss something. You headbutt something! Something hits you!
You hit something. You hit something but do no damage. Something hits you.
* * * LOW HITPOINT WARNING * * *
You slash something! Your headbutt misses something. Something hits you!
* * * LOW HITPOINT WARNING * * *
You feel very mighty all of a sudden. Something hits you but does no damage.
You closely miss something. Your headbutt misses something. Something hits you.
* * * LOW HITPOINT WARNING * * *
You miss something. Your headbutt misses something. Something hits you.
You die...

........÷. .(......##
.......... .......###
####### ####### ....... ..
# ##########?.....% ..## #
#........@{...... ..# #
#.########....... ..# #
#.# ############ #.# ##
#.# #...# #.# #.
#.####...############.###.
#........†.......#........
################.#.##.###.
#.#.##.# #. #.#.##.# #.


There were no monsters in sight!

Vanquished Creatures
  Natasha (D:3)
  An ooze (D:1)
  A leopard gecko (D:3)
  An orc (D:3)
  A ball python (D:1)
  2 giant cockroaches
  4 goblins
  4 hobgoblins
  6 jackals
  4 kobolds
  4 bats
  2 frilled lizards (D:1)
  3 rats (D:1)
34 creatures vanquished.

Notes
Turn   | Place    | Note
-------+----------+-------------------------------------------
     0 | D:1      | teukkam the Minotaur Fighter began the quest for the Orb.
     0 | D:1      | Reached XP level 1. HP: 19/19 MP: 0/0
    27 | D:1      | Reached XP level 2. HP: 21/27 MP: 1/1
   413 | D:2      | Reached XP level 3. HP: 30/33 MP: 2/2
   599 | D:3      | Noticed Natasha
   612 | D:3      | Killed Natasha
   616 | D:3      | Reached XP level 4. HP: 20/40 MP: 3/3
   707 | D:3      | Noticed Sigmund
   718 | D:3      | HP: 1/40 [something (3)]
   719 | D:3      | Slain by Sigmund

Skill      XL: |  1  2 |
---------------+-------+-----
Armour         | 4 |  4.3
Fighting       | 4 |  4.3
Axes           | 3 |  3.4
Shields        | 4 |  4.3

Action                   |  1- 3 |  4- 6 || total
-------------------------+-------+-------++-------
Melee: War axe           |    92 |     9 ||   101
       Headbutt          |     9 |     1 ||    10
  Use: Potion            |       |     1 ||     1
Armor: Scale mail        |    38 |     2 ||    40
Dodge: Dodged            |    30 |       ||    30
Block: Shield            |    58 |     2 ||    60
